AoeStats
← Karos

Arena

506269258Analyzed
3v3 RM · 17d ago on Sep 13, 2026· 28m 51s· 6 players
Game mode
Random Map
Map size
Normal (6 player)
Population
200
Speed
Normal
Resources
Standard
Victory
Conquest
Starting age
Dark Age
Ending age
Imperial Age
RankedLock teamsTeams togetherTeam positionsShared explorationLock speedFull tech treeHidden civsTurbo modeCheats
Victory
Defeat
🇮🇶 Franks · Iraq
963
+22
🇮🇶 Romans · Iraq
758
+16
🇺🇸 Khmer · United States
739
+17
🇨🇱 Mongols · Chile
822
-16
🇩🇪 Celts · Germany
772
-14
🇲🇽 Chinese · Mexico
692
-11
GothsGoodGod
0:28 Loom
10:43 Feudal Age
11:25 Double-Bit Axe
18:54 Castle Age
28:15 Wheelbarrow
halil_guvenc
4:51 Loom
11:08 Feudal Age
11:40 Double-Bit Axe
12:57 Wheelbarrow
20:46 Castle Age
19:45 Horse Collar
Alexmason
6:14 Loom
11:22 Feudal Age
11:52 Double-Bit Axe
11:47 Horse Collar
20:06 Castle Age
18:38 Stone Mining
18:43 Gold Mining
21:03 Bow Saw
20:54 Heavy Plow
25:08 Pikeman
27:27 Squires
IamxSaVaGe7117
10:28 Feudal Age
16:43 Castle Age
14:43 Double-Bit Axe
22:36 Husbandry
Karos
15:23 Feudal Age
16:35 Double-Bit Axe
18:05 Wheelbarrow
18:06 Gold Mining
21:10 Castle Age
20:48 Forging
20:44 Scale Barding Armor
20:35 Gold Mining
20:39 Stone Mining
22:28 Hand Cart
22:45 Bow Saw
24:19 Husbandry
Eraser
10:19 Feudal Age
16:55 Castle Age
15:32 Scale Mail Armor
15:07 Man-at-Arms
18:06 Squires
19:54 Double-Bit Axe
20:02 Long Swordsman
23:17 Horse Collar
24:19 Gold Mining
28:54 Wheelbarrow
28:05 Loom
Connection lost

Rejoining the realm…

Still unreachable

The connection could not be restored.

Session expired

The server has moved on; the page needs a fresh start.